[Event "Titled Tuesday Blitz March 07 Late 2023"]
[White "reevecanada"]
[Black "Nasuta, Grzegorz"]
[BlackFideId "1141686"]
[WhiteElo "2515"]
[BlackElo "2449"]
[Result "0-1"]
[Round "02"]
[TimeControl "180+2"]
[Date "2023.03.07"]
[WhiteClock "0:00:01"]
[BlackClock "0:00:08"]

1. e4 c5 2. Nf3 d6 3. Bb5+ Bd7 4. Bxd7+ Nxd7 5. O-O Ngf6 6. Re1 e6 7. c3 Be7 8. d4 cxd4 9. cxd4 d5 10. e5 Ne4 11. Nbd2 Nxd2 12. Bxd2 O-O 13. Rc1 Rc8 14. Qb3 Qb6 15. Qa4 Nb8 16. b4 a6 17. h4 h6 18. g3 Nc6 19. a3 Nxd4 20. Nxd4 Qxd4 21. Rxc8 Rxc8 22. Qd7 Rc2 23. Be3 Qc3 24. Qe8+ Bf8 25. Rb1 d4 26. Bf4 Qf3 27. Rf1 Qxa3 28. b5 axb5 29. Qxb5 Qb2 30. Qd3 b5 31. g4 Qc3 32. Qxb5 Qf3 33. Bg3 Qxg4 34. Rb1 Rc8 35. Qd7 Qe4 36. Rd1 Rc4 37. Qb5 Qc2 38. Ra1 d3 39. Qe8 Rc8 40. Qd7 d2 41. Kh2 Qc1 42. Rxc1 dxc1=Q 43. Qd3 Qc7 44. Qe4 Qc2 45. Qe3 Qc3 46. Qe4 Qc4 47. Qe3 Qd5 48. Qe2 Rc3 49. Kh3 Rc1 50. Kg4 Qc4+ 51. Qxc4 Rxc4+ 52. f4 g6 53. h5 gxh5+ 54. Kxh5 Kh7 55. Bh2 Rc5 56. Bg3 Rd5 57. Bh2 Rd3 58. Kh4 Kg6 59. Bg3 Be7+ 0-1


[Site "https://www.chess.com"]

[Event "Titled Tuesday Blitz March 07 Late 2023"]
[White "Bitoon, Richard"]
[Black "Mostbauer, Maximilian"]
[WhiteFideId "5201110"]
[BlackFideId "1626680"]
[WhiteElo "2374"]
[BlackElo "2179"]
[Result "0-1"]
[Round "02"]
[TimeControl "180+2"]
[Date "2023.03.07"]
[WhiteClock "0:00:03"]
[BlackClock "0:00:20"]

1. e4 e6 2. d4 d5 3. Nd2 dxe4 4. Nxe4 Nd7 5. Bd3 Ngf6 6. Qe2 c5 7. Nxc5 Nxc5 8. dxc5 Bxc5 9. Nf3 O-O 10. O-O b6 11. Bg5 Bb7 12. Rad1 Qc7 13. Bxf6 gxf6 14. Nh4 Qf4 15. Qh5 f5 16. Nxf5 exf5 17. Bxf5 h6 18. Rd3 Kh8 19. Rg3 Rad8 20. h3 Rd5 21. Rf3 Qg5 22. Qxg5 hxg5 23. Be4 Rd7 24. Bxb7 Rxb7 25. Rd1 f6 26. a3 a5 27. Rd5 Rff7 28. c3 a4 29. Rg3 Rbd7 30. Rf5 Rd2 31. Rg4 Rxb2 32. Rxa4 Kg7 33. Rf3 Rb3 34. h4 Rxa3 35. Rg4 Bd6 36. g3 Ra5 37. Rd4 Be5 38. Rb4 b5 39. Rg4 Kg6 40. Kg2 Raa7 41. Re3 Kf5 42. Rb4 gxh4 43. g4+ Kg6 44. Rxb5 Rfd7 45. Rb6 Kg5 46. Rb2 h3+ 47. Kxh3 Rh7+ 48. Kg2 Ra1 49. Rb4 Rh2+ 50. Kf3 Ra2 51. Re2 Rxe2 52. Kxe2 Bxc3 53. Rc4 Be5 54. Ke3 Rh3+ 55. f3 Kg6 56. Ra4 Rh1 57. Kf2 Rb1 58. Ke3 Rb3+ 59. Ke4 Bd6 60. f4 Rb4+ 61. Rxb4 Bxb4 62. g5 f5+ 63. Kd5 Bd2 64. Ke5 Bc1 0-1


[Site "https://www.chess.com"]

[Event "Titled Tuesday Blitz March 07 Late 2023"]
[White "Molenda, Marcin"]
[Black "Larino Nieto, David"]
[WhiteFideId "1173065"]
[BlackFideId "2256444"]
[WhiteElo "2286"]
[BlackElo "2506"]
[Result "1/2-1/2"]
[Round "02"]
[TimeControl "180+2"]
[Date "2023.03.07"]
[WhiteClock "0:00:06"]
[BlackClock "0:00:04"]

1. e4 c6 2. Nc3 g6 3. d4 d5 4. Nf3 dxe4 5. Nxe4 Bg7 6. c3 Nf6 7. Nxf6+ exf6 8. Bc4 O-O 9. O-O Nd7 10. a4 Nb6 11. Bb3 a5 12. h3 Re8 13. Re1 Bf5 14. Rxe8+ Qxe8 15. Bf4 Nd5 16. Bg3 Qe4 17. Qd2 Qe7 18. Re1 Qd7 19. Qe2 h5 20. Nh4 Bf8 21. Nxf5 Qxf5 22. Bc2 Qd7 23. Qf3 Kg7 24. Bh4 f5 25. Qe2 Bd6 26. Bg5 Nc7 27. Bb3 Re8 28. Qd2 Rxe1+ 29. Qxe1 Nd5 30. Qe2 f6 31. Bd2 Bc7 32. Bc2 h4 33. Qf3 Qd6 34. Bb3 Ne7 35. Kf1 Nd5 36. Ke2 Qe6+ 37. Kd1 Ne3+ 38. Qxe3 Qxb3+ 39. Kc1 Qf7 40. Qh6+ Kg8 41. Qxh4 g5 42. Qh6 f4 43. h4 Bd8 44. hxg5 fxg5 45. Qd6 Bf6 46. f3 Kg7 47. Qb8 Kg6 48. Qd6 Qc4 49. Qc7 Qxa4 50. Qxb7 Qa1+ 51. Kc2 Qf1 52. Qxc6 Qxg2 53. Qe4+ Kg7 54. d5 g4 55. d6 gxf3 56. d7 Qg6 57. Qxg6+ Kxg6 58. Kd1 Kf7 59. Bxf4 Ke6 60. Ke1 Bh4+ 61. Kf1 Kxd7 62. b3 Kc6 63. c4 Kc5 64. Bd2 Kb6 65. Bc3 Ka6 66. Bd4 Bg3 67. Bf2 Bd6 68. Be1 Bc5 69. Bc3 Kb6 70. Ke1 Ka6 71. Kd2 Bb6 72. Kd3 Kb7 73. Bd2 Kc6 74. Bc3 Kd6 75. Bxa5 Bxa5 76. Ke3 Kc5 77. Kxf3 Kb4 78. Ke4 Bb6 79. Kd5 Kxb3 80. c5 Bxc5 1/2-1/2


[Site "https://www.chess.com"]

[Event "Titled Tuesday Blitz March 07 Late 2023"]
[White "Grover, Sahaj"]
[Black "Brozyna, Mateusz"]
[WhiteFideId "5021103"]
[BlackFideId "21816140"]
[WhiteElo "2432"]
[BlackElo "2189"]
[Result "1-0"]
[Round "02"]
[TimeControl "180+2"]
[Date "2023.03.07"]
[WhiteClock "0:00:13"]
[BlackClock "0:00:01"]

1. e4 e5 2. Nf3 Nc6 3. Bb5 a6 4. Ba4 Nf6 5. d3 b5 6. Bb3 Be7 7. a4 Rb8 8. axb5 axb5 9. Nc3 d6 10. Nd5 Bg4 11. c3 O-O 12. h3 Bh5 13. g4 Bg6 14. Nxe7+ Qxe7 15. Bg5 b4 16. h4 h6 17. h5 Bh7 18. Bd2 bxc3 19. bxc3 Nd7 20. g5 Nc5 21. Bc4 d5 22. Bxd5 Nxd3+ 23. Ke2 Qc5 24. g6 Qxf2+ 25. Kxd3 Rfd8 26. gxh7+ Kxh7 27. Be3 Qg2 28. Rg1 Rxd5+ 29. exd5 e4+ 30. Kxe4 Re8+ 31. Kd3 Ne5+ 32. Nxe5 Qxd5+ 33. Bd4 Rxe5 34. Qc2 c5 35. Kd2+ f5 36. Ra7 Kh8 37. Raxg7 1-0


[Site "https://www.chess.com"]

[Event "Titled Tuesday Blitz March 07 Late 2023"]
[White "Rangel, Daniel"]
[Black "Mirzoev, Azer"]
[WhiteFideId "2124475"]
[BlackFideId "13400304"]
[WhiteElo "2256"]
[BlackElo "2525"]
[Result "1-0"]
[Round "02"]
[TimeControl "180+2"]
[Date "2023.03.07"]
[WhiteClock "0:00:07"]
[BlackClock "0:00:08"]

1. c4 c5 2. g3 g6 3. Bg2 Bg7 4. Nc3 Nc6 5. e3 h5 6. h4 Nh6 7. Nge2 d6 8. b3 Nf5 9. Bb2 Bd7 10. d3 a6 11. Qd2 Rb8 12. Nd5 O-O 13. Bxg7 Nxg7 14. O-O b5 15. Rad1 Nf5 16. Nef4 e6 17. Nc3 Ne5 18. Ne4 Qe7 19. d4 cxd4 20. exd4 Ng4 21. c5 Rfd8 22. Qc3 b4 23. Qb2 Bb5 24. Rfe1 dxc5 25. dxc5 Bc6 26. Nd6 Bxg2 27. Nxf5 gxf5 28. Kxg2 Qxc5 29. Nxh5 Qc3 30. Qe2 a5 31. Rc1 Qd2 32. Qf3 Rbc8 33. Rcd1 Qb2 34. Qf4 Kh7 35. Rf1 Rxd1 36. Rxd1 Rc2 37. Rf1 Re2 38. Kg1 Qxa2 39. Qc7 Nh6 40. Qe7 Qb2 41. Nf6+ Kg6 42. h5+ Kg7 43. Ne8+ Kh8 44. Qf8+ Kh7 45. Kg2 Qh8 46. Qe7 Qe5 47. Nf6+ Kg7 48. Nd7 Qd5+ 49. Kg1 Qd4 50. Qf8+ Kh7 51. Qd8 Ng4 52. Nf8+ Kg7 53. Qxd4+ Kxf8 54. Qh8+ Ke7 55. h6 Rc2 56. h7 Nf6 57. Qxf6+ 1-0


[Site "https://www.chess.com"]

[Event "Titled Tuesday Blitz March 07 Late 2023"]
[White "Barbosa, Evandro Amorim"]
[Black "Lacey, Patrick"]
[WhiteFideId "2115824"]
[BlackFideId "2032007"]
[WhiteElo "2439"]
[BlackElo "2436"]
[Result "1-0"]
[Round "02"]
[TimeControl "180+2"]
[Date "2023.03.07"]
[WhiteClock "0:00:37"]
[BlackClock "0:00:05"]

1. e4 c6 2. d4 d5 3. Nc3 dxe4 4. Nxe4 Nf6 5. Nxf6+ exf6 6. Be3 Bf5 7. Bd3 Bxd3 8. Qxd3 Bd6 9. Ne2 Qc7 10. h3 O-O 11. O-O Re8 12. c4 Nd7 13. Nc3 Rad8 14. Rad1 Nf8 15. Qc2 Ng6 16. d5 Be5 17. dxc6 bxc6 18. Ne4 Qa5 19. b3 Rxd1 20. Rxd1 h6 21. g3 Qc7 22. Kg2 a5 23. Nc5 Bxg3 24. Rd7 Nh4+ 25. Kf1 Qe5 26. Qd1 Bf4 27. Nd3 Qe4 28. Nxf4 Nf5 29. Qd3 Qh1+ 30. Ke2 Nxe3 31. fxe3 Qh2+ 32. Kd1 Qg1+ 33. Kc2 Qf2+ 34. Qd2 Qf3 35. Rd8 Rxd8 36. Qxd8+ Kh7 37. Qd3+ g6 38. h4 Kg7 39. a3 g5 40. hxg5 hxg5 41. Ne2 g4 42. Nd4 Qf2+ 43. Qe2 Qxe2+ 44. Nxe2 Kg6 45. b4 axb4 46. a4 Kf5 47. a5 1-0


[Site "https://www.chess.com"]

[Event "Titled Tuesday Blitz March 07 Late 2023"]
[White "Weichhold, Pawel"]
[Black "Hoffmann, Asa"]
[WhiteFideId "1139703"]
[BlackFideId "2001470"]
[WhiteElo "2330"]
[BlackElo "2117"]
[Result "1-0"]
[Round "02"]
[TimeControl "180+2"]
[Date "2023.03.07"]
[WhiteClock "0:00:17"]
[BlackClock "0:00:06"]

1. e4 d6 2. d4 Nf6 3. Nc3 c6 4. f4 Qa5 5. e5 Ne4 6. Qf3 d5 7. Ne2 Bf5 8. g4 Nxc3 9. gxf5 Ne4+ 10. c3 g6 11. Ng3 gxf5 12. Nxf5 e6 13. Ng3 Nxg3 14. hxg3 Nd7 15. Bd3 c5 16. dxc5 Nxc5 17. Bc2 Qc7 18. Be3 O-O-O 19. O-O-O h6 20. Kb1 Be7 21. Rh5 Kb8 22. Rdh1 Bf8 23. g4 Bg7 24. Bd4 Qc6 25. Qe3 b6 26. R5h2 Ne4 27. Bxe4 dxe4 28. Re2 Bf8 29. Qxe4 Qd5 30. Qxd5 Rxd5 31. Reh2 Rg8 32. Rg2 Kb7 33. Kc2 Bg7 34. Kd3 b5 35. Ke4 a5 36. Rhh2 Rc8 37. g5 hxg5 38. Rxg5 Bf8 39. Rh7 Rc7 40. Rg8 Bc5 41. Bxc5 Rdxc5 42. Rgg7 Rc4+ 43. Kf3 b4 44. Rxf7 Rxf7 45. Rxf7+ Kc6 46. cxb4 axb4 47. Re7 Kd5 48. Rd7+ Kc6 49. Rd6+ Kc5 50. Rxe6 Rc2 51. Ra6 Rxb2 52. Ke4 Re2+ 53. Kf5 Kd5 54. Ra5+ Kc4 55. Ra8 Kc3 56. Kf6 Kb2 57. f5 Rh2 58. e6 Rh6+ 59. Ke5 Rh1 60. f6 Re1+ 61. Kd6 Rd1+ 62. Ke7 Ra1 63. f7 Rxa2 64. Rxa2+ Kxa2 65. f8=Q b3 66. Qa8+ Kb1 67. Kd6 b2 68. e7 Kc2 69. Qc6+ Kb3 70. Qb5+ Ka2 71. Qa4+ Kb1 72. e8=Q 1-0


[Site "https://www.chess.com"]

[Event "Titled Tuesday Blitz March 07 Late 2023"]
[White "Kielinkei"]
[Black "Wieczorek, Oskar"]
[BlackFideId "1133950"]
[WhiteElo "2414"]
[BlackElo "2418"]
[Result "0-1"]
[Round "02"]
[TimeControl "180+2"]
[Date "2023.03.07"]
[WhiteClock "0:00:04"]
[BlackClock "0:01:02"]

1. Nf3 c5 2. g3 g6 3. d4 cxd4 4. Nxd4 Bg7 5. Bg2 Nc6 6. Nxc6 bxc6 7. O-O Nf6 8. c4 O-O 9. Nc3 Rb8 10. b3 d5 11. Qc2 Bf5 12. Qd2 d4 13. Na4 Ne4 14. Bxe4 Bxe4 15. Bb2 e5 16. f3 Bf5 17. e3 Qc7 18. exd4 exd4 19. Rae1 h5 20. f4 Rfe8 21. Nc5 h4 22. Na6 Qb6 23. Nxb8 Rxb8 24. Rf2 c5 25. Qd1 Qa5 26. a3 Qb6 27. Re7 Qxb3 28. Qxb3 Rxb3 29. Rxa7 hxg3 30. hxg3 Bf6 31. Kh2 Be6 32. Ra8+ Kg7 33. a4 Bxc4 34. a5 Rd3 35. a6 Rd1 36. g4 g5 37. a7 Bd5 38. Rd8 Rh1+ 39. Kg3 gxf4+ 40. Kxf4 Bxd8 0-1


[Site "https://www.chess.com"]

[Event "Titled Tuesday Blitz March 07 Late 2023"]
[White "Korchmar, Vasiliy"]
[Black "ArtemDyachuk"]
[WhiteFideId "24131750"]
[WhiteElo "2370"]
[BlackElo "2382"]
[Result "1-0"]
[Round "02"]
[TimeControl "180+2"]
[Date "2023.03.07"]
[WhiteClock "0:00:24"]
[BlackClock "0:00:01"]

1. e4 c5 2. Nf3 d6 3. d4 cxd4 4. Nxd4 Nf6 5. Nc3 a6 6. Be2 e5 7. Nb3 Nc6 8. O-O Be6 9. Be3 Be7 10. Nd5 O-O 11. f3 Bxd5 12. exd5 Nb8 13. a4 Nh5 14. Qd2 Nd7 15. Na5 Qc7 16. c4 f5 17. b4 b6 18. Nc6 Bf6 19. a5 bxa5 20. Rxa5 f4 21. Bf2 g5 22. Bd3 Bg7 23. Qc2 Ndf6 24. Bf5 Rae8 25. Rxa6 Ra8 26. Rfa1 Qb7 27. Ra7 e4 28. R1a5 Rxa7 29. Rxa7 Ra8 30. Rxb7 Ra1+ 31. Be1 Rxe1+ 32. Kf2 Ra1 33. Be6+ Kf8 34. Rf7+ Ke8 35. Re7+ 1-0


[Site "https://www.chess.com"]

[Event "Titled Tuesday Blitz March 07 Late 2023"]
[White "Yano, William Jorge Froes"]
[Black "Cardoso Cardoso, Jose Gabriel"]
[WhiteFideId "2112949"]
[BlackFideId "4430492"]
[WhiteElo "2122"]
[BlackElo "2496"]
[Result "0-1"]
[Round "02"]
[TimeControl "180+2"]
[Date "2023.03.07"]
[WhiteClock "0:00:15"]
[BlackClock "0:00:07"]

1. e4 c5 2. Nf3 Nc6 3. Bb5 e6 4. O-O Nge7 5. c3 d5 6. e5 a6 7. Ba4 c4 8. d3 cxd3 9. Qxd3 Ng6 10. Re1 Be7 11. Bc2 Qc7 12. Qe2 Bd7 13. g3 Bc5 14. Kg2 Rc8 15. Nbd2 Ba7 16. Nb3 Na5 17. Be3 Bb5 18. Qd2 Nc4 19. Qc1 Nxe3+ 20. Rxe3 Bxe3 21. Qxe3 Ba4 22. h4 Ne7 23. Qg5 Kf8 24. h5 h6 25. Qf4 Bxb3 26. axb3 Nc6 27. Re1 Qe7 28. Nh4 Ke8 29. Qa4 Kd8 30. Bd3 Kc7 31. Ra1 Nxe5 32. Qa5+ Kb8 33. Bxa6 bxa6 34. Qxa6 Nc6 35. Nf3 Qb7 36. Qe2 Kc7 37. b4 Rb8 38. Ra5 Nxa5 39. bxa5 Kd7 40. b4 Ke7 41. Qd3 Qc7 42. Qd4 f6 43. Nh4 Rhc8 44. Ng6+ Kf7 45. a6 Qxc3 46. Qa7+ Qc7 47. Qe3 Qb6 48. Qf4 Qxa6 49. Ne5+ Kg8 50. Nd7 Qb7 51. Nxf6+ gxf6 52. Qg4+ Kf7 53. Qg6+ Ke7 54. Qg7+ Kd6 55. Qxf6 Qxb4 56. Qxh6 Qe4+ 57. Kh2 Rb1 58. Qf4+ Qxf4 59. gxf4 Rg8 0-1


[Site "https://www.chess.com"]

[Event "Titled Tuesday Blitz March 07 Late 2023"]
[White "Goltsev, Dmitry"]
[Black "Goldgewicht, Lionel"]
[WhiteFideId "24176710"]
[BlackFideId "604313"]
[WhiteElo "2336"]
[BlackElo "2367"]
[Result "1-0"]
[Round "02"]
[TimeControl "180+2"]
[Date "2023.03.07"]
[WhiteClock "0:01:50"]
[BlackClock "0:00:10"]

1. e4 c5 2. Nf3 d6 3. d4 cxd4 4. Nxd4 Nf6 5. Nc3 a6 6. Be2 e5 7. Nb3 Be7 8. O-O Be6 9. Be3 Nbd7 10. Nd5 Bxd5 11. exd5 b5 12. a4 b4 13. c4 bxc3 14. bxc3 O-O 15. c4 Qc7 16. f3 Rfc8 17. Qd2 a5 18. Rfd1 Ne8 19. Rac1 Nc5 20. Nxc5 dxc5 21. Rb1 Nd6 22. Bd3 f5 23. Rb2 Rcb8 24. Rdb1 Rb4 25. Qc2 e4 26. fxe4 fxe4 27. Bxe4 Nxc4 28. Rxb4 Nxe3 29. Qb3 c4 30. Rb8+ Bf8 31. Qb6 Qxb8 32. Qxb8 Rxb8 33. Rxb8 Kf7 34. Rc8 Kf6 35. Rxf8+ Ke5 36. Re8+ Kd4 37. d6 1-0


[Site "https://www.chess.com"]

[Event "Titled Tuesday Blitz March 07 Late 2023"]
[White "Bogaudinov, Rushan"]
[Black "Martynov, Pavel"]
[WhiteFideId "4129288"]
[BlackFideId "4101260"]
[WhiteElo "1949"]
[BlackElo "2314"]
[Result "0-1"]
[Round "02"]
[TimeControl "180+2"]
[Date "2023.03.07"]
[WhiteClock "0:00:03"]
[BlackClock "0:00:56"]

1. d4 d5 2. Nf3 e6 3. e3 c5 4. Be2 Nc6 5. O-O Nf6 6. a3 a6 7. dxc5 Bxc5 8. b4 Ba7 9. Bb2 O-O 10. c4 Re8 11. Nbd2 h6 12. Rc1 e5 13. cxd5 Qxd5 14. Bc4 Qd6 15. Qb3 Be6 16. Rfd1 Rad8 17. Bxe6 Qxe6 18. Qxe6 Rxe6 19. Nc4 Rxd1+ 20. Rxd1 Bb8 21. h3 g5 22. Kf1 Kg7 23. Ke2 Kg6 24. Na5 Nxa5 25. bxa5 h5 26. Rd8 Bc7 27. Rc8 Re7 28. Bc3 g4 29. hxg4 hxg4 30. Nd2 Nd5 31. Bb4 Nxb4 32. axb4 f5 33. f3 Bd6 34. Rc4 Rc7 35. Rxc7 Bxc7 36. Nc4 Kg5 37. Kf2 Kh4 38. g3+ Kh3 39. f4 exf4 40. exf4 Kh2 41. Ne3 Bd6 42. Nxf5 Bxb4 43. Ke3 Bxa5 44. Ke4 b5 45. Ne3 Kxg3 46. f5 Bd8 47. Nd5 Kf2 48. Nf4 g3 49. Nh3+ Kf1 50. Kd5 g2 51. Kc6 g1=Q 52. Nxg1 Kxg1 53. f6 Bxf6 54. Kb6 b4 0-1


[Site "https://www.chess.com"]

[Event "Titled Tuesday Blitz March 07 Late 2023"]
[White "Matinian, Nikita"]
[Black "Coelho, Ramyres Santana"]
[WhiteFideId "24129100"]
[BlackFideId "2120690"]
[WhiteElo "2422"]
[BlackElo "1888"]
[Result "1-0"]
[Round "02"]
[TimeControl "180+2"]
[Date "2023.03.07"]
[WhiteClock "0:01:45"]
[BlackClock "0:00:44"]

1. e4 c5 2. Nf3 d6 3. d4 cxd4 4. Nxd4 Nf6 5. Nc3 a6 6. Bg5 e6 7. Qf3 Be7 8. O-O-O O-O 9. h4 b5 10. e5 Nd5 11. Nxd5 exd5 12. Qxd5 Bxg5+ 13. hxg5 Qxg5+ 14. Kb1 Ra7 15. Bd3 h6 16. Qxd6 Nd7 17. Nc6 Rb7 18. Ne7+ Kh8 19. e6 fxe6 20. Ng6+ Kg8 21. Qxe6+ Rf7 22. Qe8+ Nf8 23. Qxc8 Rb6 24. Nxf8 Rxf8 25. Bh7+ Kxh7 26. Qxf8 Rf6 27. Qd8 Qxg2 28. Qd3+ Rg6 29. Rhg1 Qc6 30. Rxg6 Qxg6 31. Qxg6+ Kxg6 32. Rg1+ Kf6 33. Kc1 g5 34. Kd2 h5 35. Ke3 Kf5 36. Rd1 h4 37. Rd6 g4 38. Rxa6 Kg5 39. Ra5 h3 40. Rxb5+ Kh4 41. Rb8 g3 42. Rh8+ Kg4 43. f3+ Kg5 44. Rxh3 g2 45. Rg3+ 1-0


[Site "https://www.chess.com"]

[Event "Titled Tuesday Blitz March 07 Late 2023"]
[White "Szente Varga, Fruzsina"]
[Black "Timmermans, Mark"]
[WhiteFideId "712264"]
[BlackFideId "1026399"]
[WhiteElo "1994"]
[BlackElo "2460"]
[Result "0-1"]
[Round "02"]
[TimeControl "180+2"]
[Date "2023.03.07"]
[WhiteClock "0:00:06"]
[BlackClock "0:01:36"]

1. e4 e5 2. Nf3 Nc6 3. Bb5 f5 4. exf5 e4 5. Qe2 Qe7 6. Bxc6 dxc6 7. Nd4 Qe5 8. Nb3 Bxf5 9. d3 Bd6 10. dxe4 Qxe4 11. Nd4 Qxe2+ 12. Kxe2 Bg6 13. Bg5 Nf6 14. Bxf6 gxf6 15. c3 Kf7 16. Nd2 h5 17. h4 a6 18. Rhe1 c5 19. N4b3 Rhe8+ 20. Kf3 Bf5 21. g3 Be6 22. Kg2 a5 23. c4 a4 24. Nc1 Be5 25. Nd3 Bd4 26. Rab1 Bf5 27. Nf4 Bxb1 28. Rxb1 a3 29. bxa3 Rxa3 30. Rxb7 Rxa2 31. Rxc7+ Re7 32. Rxe7+ Kxe7 33. Ne4 f5 34. Ng5 Rxf2+ 35. Kh3 Rc2 36. Nd5+ Kd7 37. Nf3 Kd8 38. Nb6 Rc3 39. Ng5 Bf2 40. Ne6+ Ke8 41. Ng7+ Kf7 42. Nxh5 Bxg3 43. Nxg3 f4 44. Nd5 Rxg3+ 45. Kh2 Rg8 46. Nxf4 Rg4 47. Nd5 Rxh4+ 48. Kg3 Rxc4 49. Kf3 Rd4 50. Nc3 Rd3+ 0-1


[Site "https://www.chess.com"]

[Event "Titled Tuesday Blitz March 07 Late 2023"]
[White "Almeida Quintana, Omar"]
[Black "Romero Ruscalleda, Josep"]
[WhiteFideId "3503313"]
[BlackFideId "2231859"]
[WhiteElo "2530"]
[BlackElo "2183"]
[Result "1-0"]
[Round "02"]
[TimeControl "180+2"]
[Date "2023.03.07"]
[WhiteClock "0:00:37"]
[BlackClock "0:00:09"]

1. Nf3 g6 2. c4 Bg7 3. Nc3 d6 4. e4 c5 5. h3 Nc6 6. d3 e5 7. Be2 Nge7 8. h4 f5 9. h5 Nd4 10. Bg5 h6 11. Bxe7 Qxe7 12. Nd5 Qd8 13. Nxd4 exd4 14. hxg6 O-O 15. Qd2 fxe4 16. dxe4 Be6 17. Nf4 Qf6 18. g3 Rae8 19. O-O-O d3 20. Bxd3 Bg4 21. Rde1 Bf3 22. Rh2 b5 23. Re3 Bg4 24. f3 Bd7 25. cxb5 Be6 26. Nh5 Qxg6 27. e5 Bf5 28. Bc4+ Kh7 29. Nxg7 Kxg7 30. g4 Be6 31. Bd3 Qg5 32. Rh5 Qf4 33. exd6 Bf7 34. Rxe8 Qxd2+ 35. Kxd2 Rxe8 36. Rxc5 Bxa2 37. d7 Rd8 38. Bf5 Kf6 39. Rc8 Ke7 40. Rxd8 Kxd8 41. Kc3 Kc7 42. Kd4 Bf7 43. Ke5 Bc4 44. Kf6 Bxb5 45. Ke7 Be2 46. d8=Q+ 1-0


[Site "https://www.chess.com"]

[Event "Titled Tuesday Blitz March 07 Late 2023"]
[White "Sochacki, Christophe"]
[Black "Gerbelli Neto, Eduardo"]
[WhiteFideId "662569"]
[BlackFideId "2103281"]
[WhiteElo "2474"]
[BlackElo "2178"]
[Result "0-1"]
[Round "02"]
[TimeControl "180+2"]
[Date "2023.03.07"]
[WhiteClock "0:00:01"]
[BlackClock "0:00:07"]

1. b3 d5 2. Bb2 Nf6 3. Nf3 Bf5 4. g3 e6 5. Bg2 Be7 6. d3 O-O 7. Nh4 Bg6 8. Nxg6 hxg6 9. Nd2 c5 10. O-O Nc6 11. h4 Qc7 12. e4 Rad8 13. Qe2 Nd4 14. Qd1 b5 15. a3 dxe4 16. Nxe4 Nxe4 17. Bxe4 Bf6 18. Kh1 c4 19. a4 cxb3 20. cxb3 b4 21. Rc1 Qe7 22. Rc4 a5 23. Kg2 Nf5 24. Bxf6 Qxf6 25. Rc5 Nd6 26. Qf3 Nxe4 27. Qxe4 Rd4 28. Qe3 Rfd8 29. Rd1 R4d5 30. Rxd5 Rxd5 31. Rc1 Qb2 32. Rc8+ Kh7 33. Ra8 Qxb3 34. Qf4 Rf5 35. Qb8 g5 36. h5 Rxf2+ 37. Kxf2 Qb2+ 38. Kf3 g4+ 39. Kxg4 f5+ 40. Kh3 Kh6 41. Qh8+ Kg5 42. Qxg7+ Qxg7 43. Rxa5 Kxh5 44. Rb5 Qg4+ 45. Kg2 Qe2+ 46. Kh3 Qxd3 47. Rxb4 Qf1+ 48. Kh2 Qf2+ 49. Kh3 Qf3 50. Kh2 Qe2+ 51. Kh3 Qd2 52. Rf4 Kg5 53. Rh4 Qd5 54. Kh2 e5 55. Rh8 Qd2+ 56. Kh3 f4 57. Rg8+ Kf5 58. gxf4 exf4 59. Rf8+ Ke4 60. a5 Kf3 61. Rg8 Qf2 62. a6 Qf1+ 63. Kh4 Qxa6 64. Rg5 Qh6+ 65. Rh5 Qf6+ 66. Kh3 Qg6 67. Kh2 Qg2# 0-1


[Site "https://www.chess.com"]

[Event "Titled Tuesday Blitz March 07 Late 2023"]
[White "Sai Krishna G V"]
[Black "Avalos Parra, Joao"]
[WhiteFideId "5028280"]
[BlackFideId "3402541"]
[WhiteElo "2359"]
[BlackElo "2173"]
[Result "1-0"]
[Round "02"]
[TimeControl "180+2"]
[Date "2023.03.07"]
[WhiteClock "0:01:56"]
[BlackClock "0:01:16"]

1. e4 e5 2. Nf3 Nc6 3. Bb5 a6 4. Ba4 Nf6 5. O-O b5 6. Bb3 Bc5 7. Nxe5 Nxe5 8. d4 Bxd4 9. Qxd4 d6 10. f4 Nc6 11. Qe3 O-O 12. Nc3 Re8 13. a3 d5 14. Nxd5 Nxd5 15. Bxd5 Qxd5 16. exd5 Rxe3 17. Bxe3 Ne7 18. Rad1 Bb7 19. d6 cxd6 20. Rxd6 Nf5 21. Rd3 Re8 22. Re1 h5 23. Bf2 Rc8 24. Rd7 Bc6 25. Ra7 h4 26. Re5 g6 27. Rc5 Kg7 28. Rxa6 Bb7 29. Rxc8 Bxc8 30. Rb6 Bd7 31. Kf1 Be8 32. g4 hxg3 33. hxg3 Bd7 34. g4 Nh6 35. Bd4+ Kh7 36. Rb8 Ng8 37. g5 Bf5 38. Kf2 Bxc2 39. Bf6 Nxf6 40. gxf6 g5 41. fxg5 Kg6 42. Rxb5 Be4 43. Re5 Bd3 44. Ke3 Bc4 45. Kf4 1-0


[Site "https://www.chess.com"]

[Event "Titled Tuesday Blitz March 07 Late 2023"]
[White "Bach, Matthias"]
[Black "Fus, Jakub"]
[WhiteFideId "4603168"]
[BlackFideId "1193023"]
[WhiteElo "2165"]
[BlackElo "2335"]
[Result "0-1"]
[Round "02"]
[TimeControl "180+2"]
[Date "2023.03.07"]
[WhiteClock "0:00:02"]
[BlackClock "0:00:24"]

1. d4 e6 2. c4 Nf6 3. Nc3 d5 4. Nf3 dxc4 5. e3 a6 6. Bxc4 b5 7. Bb3 Bb7 8. O-O c5 9. dxc5 Bxc5 10. Qxd8+ Kxd8 11. Ne5 Ke7 12. a4 b4 13. Ne2 Nc6 14. Nd3 Bb6 15. Bc4 Ne4 16. b3 Rac8 17. Bb2 f6 18. Rfd1 Nd6 19. Nd4 Nxd4 20. Bxd4 Bxd4 21. exd4 Nxc4 22. bxc4 Rxc4 23. Nc5 Bc8 24. a5 Rd8 25. Nb3 Rc3 26. Rab1 Rd5 27. Nc5 Rc4 28. Nb3 Rc3 29. Nc5 e5 30. Ne4 Rc4 31. Ng3 0-1


[Site "https://www.chess.com"]

[Event "Titled Tuesday Blitz March 07 Late 2023"]
[White "Crispin Ferreras, Darvi Abraham"]
[Black "Grinev, Valeriy"]
[WhiteFideId "6402771"]
[BlackFideId "14117517"]
[WhiteElo "2106"]
[BlackElo "2365"]
[Result "0-1"]
[Round "02"]
[TimeControl "180+2"]
[Date "2023.03.07"]
[WhiteClock "0:01:56"]
[BlackClock "0:02:30"]

1. e4 c5 2. Nf3 d6 3. c3 Nf6 4. Be2 Nc6 5. d4 cxd4 6. cxd4 g6 7. Nc3 Bg7 8. O-O O-O 9. h3 d5 10. e5 Ne4 11. Qb3 Nxc3 12. bxc3 Na5 13. Qa4 Bd7 14. Qb4 Rc8 15. Ba3 Re8 16. Rab1 b6 17. Nd2 Bf5 18. Rbc1 f6 19. Bb5 Bd7 20. e6 Bxb5 21. Qxb5 Nc4 22. Nxc4 Rxc4 23. Qd7 Qxd7 24. exd7 Rd8 25. Bxe7 Rxd7 26. Ba3 Rdc7 27. Bb2 Kf7 28. f4 Ra4 29. a3 Bf8 30. Kf2 b5 31. Ke2 Bxa3 32. Bxa3 Rxa3 33. Kd2 Ra2+ 34. Rc2 Rxc2+ 35. Kxc2 b4 0-1


[Site "https://www.chess.com"]

[Event "Titled Tuesday Blitz March 07 Late 2023"]
[White "Zarubitski, Viachaslau"]
[Black "De Souza, Cristiano Gomes"]
[WhiteFideId "13509373"]
[BlackFideId "2151758"]
[WhiteElo "2284"]
[BlackElo "2068"]
[Result "1-0"]
[Round "02"]
[TimeControl "180+2"]
[Date "2023.03.07"]
[WhiteClock "0:01:51"]
[BlackClock "0:01:50"]

1. Nf3 Nf6 2. b3 g6 3. Bb2 Bg7 4. e3 O-O 5. c4 d5 6. cxd5 Nxd5 7. Qc1 Nc6 8. Be2 h6 9. O-O e5 10. Nc3 Be6 11. Ne4 Rb8 12. Nc5 Bg4 13. a3 Qd6 14. b4 b6 15. Ne4 Qd7 16. Bb5 Qf5 17. Ng3 Qe6 18. Qxc6 1-0


[Site "https://www.chess.com"]

[Event "Titled Tuesday Blitz March 07 Late 2023"]
[White "Papasimakopoulos, Alexandros"]
[Black "Kukavica, Tony"]
[WhiteFideId "4244125"]
[BlackFideId "2062542"]
[WhiteElo "2359"]
[BlackElo "1993"]
[Result "1-0"]
[Round "02"]
[TimeControl "180+2"]
[Date "2023.03.07"]
[WhiteClock "0:00:12"]
[BlackClock "0:00:02"]

1. d4 d5 2. c4 e6 3. Nc3 Nf6 4. cxd5 Nxd5 5. e4 Nxc3 6. bxc3 c5 7. Rb1 cxd4 8. cxd4 Be7 9. Nf3 O-O 10. Bc4 Nd7 11. O-O b6 12. Qe2 Bb7 13. Bf4 Rc8 14. Ba6 Bxa6 15. Qxa6 Nf6 16. Qxa7 Nxe4 17. Qxb6 Nc3 18. Qxd8 Rfxd8 19. Rb2 Ra8 20. Ra1 Bf6 21. Be5 Bxe5 22. dxe5 Rd5 23. Rc2 Rc5 24. h3 h6 25. Kf1 Kf8 26. Nd4 Rd5 27. Rxc3 Rxd4 28. Re3 Rda4 29. a3 R8a5 30. g3 g5 31. Ke2 Kg7 32. Kd2 h5 33. Kc2 Kg6 34. Kb2 Kf5 35. Rae1 Rd4 36. Rf3+ Kg6 37. Re2 Rdd5 38. Rfe3 Rdb5+ 39. Ka2 Rd5 40. Re4 Rd3 41. a4 h4 42. gxh4 Rxh3 43. hxg5 Kxg5 44. Rb4 Kf5 45. f4 Rf3 46. Ree4 Rd3 47. Rec4 Rdd5 48. Kb3 Rd3+ 49. Rc3 Rd1 50. Rc2 Rdd5 51. Rc7 f6 52. Rf7 Rd3+ 53. Kc2 Rad5 54. Rxf6+ Kg4 55. f5+ Kg5 56. fxe6 Rxe5 57. Kxd3 Kxf6 58. Kd4 Rh5 59. Rb6 Ra5 60. Kc4 Rxa4+ 61. Kd5 Ra5+ 62. Kd6 Re5 63. Kd7 Rd5+ 64. Rd6 Ra5 65. e7+ Kf7 66. e8=Q+ Kg7 67. Qe7+ Kg8 68. Rg6+ Kh8 69. Qg7# 1-0


[Site "https://www.chess.com"]